 Dungeon Crawl Stone Soup version 0.27.1-4-g1640c2035a (webtiles) character file.

Game seed: 7924560119835083925

1292 MisterFreud the Nimble (level 8, -7/57 HPs)
             Began as a Felid Berserker on Nov 4, 2021.
             Was a Priest of Trog.
             Mangled by a gnoll (11 damage)
             ... on level 7 of the Dungeon.
             The game lasted 00:05:28 (5751 turns).

MisterFreud the Nimble (Felid Berserker)            Turns: 5751, Time: 00:05:29

Health: -7/57      AC:  2    Str: 13    XL:     8   Next: 30%
Magic:  9/9        EV: 24    Int:  8    God:    Trog [***...]
Gold:   307        SH:  0    Dex: 18    Spells: 7/7 levels left
                                        Lives:  0   Deaths: 2

rFire    . . .     SeeInvis +     - Unarmed
rCold    . . .     Faith    .   (shield unavailable)
rNeg     . . .     Spirit   .   (armour unavailable)
rPois    .         Reflect  .   (helmet unavailable)
rElec    .         Harm     .   (cloak unavailable)
rCorr    .         Rampage  .   (gloves unavailable)
Will     +....                  (boots unavailable)
Stlth    ..........             (no amulet)
HPRegen  0.19/turn              (no ring)
MPRegen  0.11/turn              (no ring)

@: berserking, very quick
A: very small, claws 1, fangs 3, see invisible, speed 1, shaggy fur 2, stealthy
paws, no weapons or thrown items, no armour, multi-lived
a: Renounce Religion, Berserk, Trog's Hand


You were on level 7 of the Dungeon.
You worshipped Trog.
Trog was most pleased with you.
You visited 2 branches of the dungeon, and saw 8 of its levels.

You collected 307 gold pieces.

Inventory:

Jewellery
 b - a ring of ice
 n - an amulet of faith
Wands
 q - a wand of charming (4)
Scrolls
 a - 3 scrolls of teleportation {unknown}
 c - 3 scrolls of magic mapping {unknown}
 d - 2 scrolls of enchant weapon {unknown}
 e - 5 scrolls of identify {unknown}
 g - a scroll of acquirement {unknown}
 l - a scroll of blinking {unknown}
 p - a scroll of amnesia {unknown}
 r - a scroll of fog {unknown}
 s - a scroll of enchant armour {unknown}
Potions
 f - 3 potions of heal wounds {unknown}
 h - a potion of resistance {unknown}
 i - 3 potions of curing {unknown}
 j - 3 potions of attraction {unknown}
 k - a potion of haste {unknown}
 m - a potion of ambrosia {unknown}
 o - a potion of might {unknown}


   Skills:
 + Level 5.7 Fighting
 + Level 10.5 Dodging
 + Level 7.2 Stealth
 + Level 6.6 Unarmed Combat


You had 7 spell levels left.
You didn't know any spells.
Your spell library was empty.

Dungeon Overview and Level Annotations

Branches:
Dungeon (7/15)             Temple (1/1) D:5

Altars:
Okawaru
Sif Muna

Annotations:
D:4 Grinder


Innate Abilities, Weirdness & Mutations

You have sharp claws.
You have razor-sharp teeth.
You have supernaturally acute eyesight. (SInv)
You cover ground quickly. (Speed+)
You are covered in thick fur. (AC +2)
Your paws help you pounce on unaware monsters.
You are incapable of wielding weapons or throwing items.
You cannot wear armour.
You gain extra lives every three experience levels.


Message History

There is an open door here.
The gnoll barely misses you. The gnoll completely misses you.
The gnoll shaman hits you with a +0 whip.
You scratch the gnoll shaman.
The gnoll shaman is lightly wounded.
The gnoll hits you with a +0 spear.
You barely miss the gnoll shaman.
The gnoll shaman is lightly wounded.
The gnoll shaman hits you with a +0 whip.
The gnoll completely misses you.
A red film seems to cover your vision as you go berserk!
You feel yourself moving faster!
You feel mighty! The gnoll barely misses you.
The gnoll shaman completely misses you. The gnoll misses you.
The gnoll hits you with a +0 flail!
You barely miss the gnoll shaman.
The gnoll shaman is lightly wounded.
The gnoll misses you.
The gnoll shaman calls upon its god to speed up the gnoll.
The gnoll seems to speed up.
The gnoll completely misses you.
You claw the gnoll shaman!
The gnoll shaman is almost dead.
The gnoll closely misses you. The gnoll barely misses you.
The gnoll closely misses you.
The gnoll shaman mumbles some strange prayers to its god against you.
You resist with almost no effort.
You scratch the gnoll shaman.
You kill the gnoll shaman!
Trog accepts your kill. The gnoll barely misses you. x2
You barely miss the gnoll. Your bite misses the gnoll.
The gnoll hits you with a +0 spear!
* * * LOW HITPOINT WARNING * * *
The gnoll hits you with a +0 flail!
* * * LOW HITPOINT WARNING * * *
You claw the gnoll!
The gnoll is severely wounded.
The gnoll hits you with a +0 flail.
* * * LOW HITPOINT WARNING * * *
The gnoll completely misses you. The gnoll hits you with a +0 flail!
You die...

...#..........#
...#..........#
..##..##......##+##
..##..##.........:#
..##..............#
..................#
..............##'##
..##......##..##.g#
## #..##..##..##@g#
#..##..#....#)g#
.....#..#<...#..#
......#..#....#..#
.##. #..#....#..#
#..#....#..# #..#
#..# #..+ #..#


You could see 3 gnolls.

Vanquished Creatures
  Menkaure (D:4)
  A water moccasin (D:5)
  Duvessa (D:4)
  2 orc warriors (D:6)
  A sky beast (D:5)
  An ice beast (D:5)
  A centaur (D:6)
  2 ogres (D:4)
  A bullfrog (D:7)
  A scorpion (D:6)
  A wyvern zombie (D:6)
  Dowan (D:4)
  A water moccasin zombie (D:5)
  A water moccasin skeleton (D:5)
  A howler monkey (D:4)
  A bullfrog zombie (D:6)
  A hound (D:7)
  A jelly (D:5)
  A gnoll shaman (D:7)
  9 orc priests
  2 orc wizards
  3 iguanas
  A scorpion zombie (D:5)
  A howler monkey zombie (D:5)
  12 gnolls
  4 adders
  A white imp (D:6)
  An adder skeleton (D:4)
  A worm (D:4)
  2 dart slugs
  15 orcs
  3 endoplasms
  A giant cockroach (D:1)
  6 goblins
  5 hobgoblins
  3 kobolds
  3 ball pythons
  A bat (D:2)
  A quokka skeleton (D:4)
  3 rats
99 creatures vanquished.

Vanquished Creatures (others)
  A withered plant (D:3)
1 creature vanquished.

Grand Total: 100 creatures vanquished

Notes
Turn   | Place    | Note
-------+----------+-------------------------------------------
     0 | D:1      | MisterFreud the Felid Berserker began the quest for the
                  | Orb.
     0 | D:1      | Reached XP level 1. HP: 10/10 MP: 2/2
    41 | D:1      | Reached skill level 1 in Stealth
   226 | D:1      | Reached XP level 2. HP: 14/14 MP: 3/3
   905 | D:2      | Reached XP level 3. HP: 17/17 MP: 4/4
  1651 | D:3      | Found a faded altar of an unknown god.
  1879 | D:4      | Noticed an ogre
  1891 | D:4      | Killed an ogre
  1892 | D:4      | Reached XP level 4. HP: 21/21 MP: 5/5
  1892 | D:4      | Reached XP level 5. HP: 24/24 MP: 6/6
  1902 | D:3      | Reached skill level 5 in Stealth
  1947 | D:4      | Noticed Menkaure
  1993 | D:4      | Killed Menkaure
  1993 | D:4      | Reached ** piety under Trog
  1994 | D:4      | Reached skill level 5 in Unarmed Combat
  1994 | D:4      | Gained mutation: You are covered in thick fur. (AC +2)
                  | [Felid growth]
  1994 | D:4      | Reached XP level 6. HP: 28/28 MP: 7/7
  2220 | D:4      | Noticed Grinder
  2225 | D:4      | Paralysed by Grinder for 6 turns
  2234 | D:4      | Slain by Grinder
  2235 | D:4      | Reached XP level 5. HP: -1/24 MP: 6/6
  2273 | D:4      | HP: 1/36 [orc priest/divine providence (14)]
  2282 | D:4      | Reached XP level 6. HP: 2/28 MP: 7/7
  3011 | D:4      | Noticed Dowan
  3014 | D:4      | Noticed Duvessa
  3024 | D:4      | Killed Duvessa
  3025 | D:4      | Reached skill level 5 in Dodging
  3029 | D:4      | Killed Dowan
  3030 | D:4      | Reached XP level 7. HP: 20/33 MP: 8/8
  3242 | D:5      | Entered Level 5 of the Dungeon
  3275 | D:5      | Reached skill level 6 in Dodging
  3278 | D:5      | Reached skill level 5 in Fighting
  3351 | D:5      | Reached skill level 7 in Dodging
  3670 | D:5      | Found a staircase to the Ecumenical Temple.
  3702 | D:5      | Found a shimmering blue altar of Sif Muna.
  3770 | D:5      | Reached skill level 8 in Dodging
  3968 | D:5      | Reached XP level 8. HP: 37/37 MP: 9/9
  4095 | D:5      | Reached *** piety under Trog
  4102 | D:5      | Reached skill level 9 in Dodging
  4304 | D:5      | Found an iron altar of Okawaru.
  4340 | Temple   | Entered the Ecumenical Temple
  4393 | D:6      | Slain by an orc warrior
  4394 | D:6      | Reached XP level 7. HP: -4/49 MP: 8/8
  4452 | D:6      | Reached skill level 10 in Dodging
  5450 | D:6      | Reached XP level 8. HP: 32/37 MP: 9/9
  5751 | D:7      | Mangled by a gnoll

Illustrated notes

Levels and vault maps discovered:
D:1:      dpeg_arrival_tiny_c, layout_rooms
D:2:      layout_basic
D:3:      layout_basic, shapermc_ecumenical_altar_flowoftime
D:4:      layout_loops_ring, uniq_grinder, uniq_menkaure, uniq_duvessa
D:5:      layout_rooms, mainiacjoe_overflow_catwalk,
          kennysheep_okawaru_gauntlet, minmay_temple_entry_glass
D:6:      layout_gridville, nrook_campfire
D:7:      layout_gridville, mainiacjoe_overflow_concentric_impassable
Temple:   nicolae_temple_figure_eight

Skill      XL: |  1  2  3  4  5  6  7  8 |
---------------+-------------------------+-----
Stealth        | 1 2 4 6 7 |  7.2
Unarmed Combat | 4 6 |  6.6
Fighting       | 4 5 |  5.7
Dodging        | 5 10 9 | 10.5

Action                   |  1- 3 |  4- 6 |  7- 9 || total
-------------------------+-------+-------+-------++-------
Melee: Unarmed           |    58 |    69 |   166 ||   293
       Bite              |     8 |     5 |    15 ||    28
       Punch             |       |     3 |     6 ||     9
Invok: Berserk           |     2 |     7 |     8 ||    17
       Trog's Hand       |       |       |     1 ||     1
 Stab: Sleeping          |     5 |     3 |    11 ||    19
       Distracted        |       |     1 |     1 ||     2
Armor: Skin              |       |       |     3 ||     3
Dodge: Dodged            |    25 |    37 |   118 ||   180
